 Dungeon Crawl Stone Soup version 0.30-b1-2-g02819fbbbe (webtiles) character file.

Game seed: 2614092178867146119

1201 Gazerockf the Fighter (level 8, -9/78 HPs)
             Began as a Minotaur Fighter on May 20, 2023.
             Was a Follower of the Shining One.
             Succumbed to Duvessa's poison
             ... on level 5 of the Dungeon.
             The game lasted 00:13:06 (4096 turns).

Gazerockf the Fighter (Minotaur Fighter)            Turns: 4096, Time: 00:13:07

Health: -9/78      AC:  5    Str: 26    XL:     8   Next: 21%
Magic:  7/7        EV: 15    Int: 13    God:    the Shining One [*.....]
Gold:   116        SH:  4    Dex: 12    Spells: 7/7 levels left

rFire   . . .        A - +11 spear "Vorohoz" {flame, *Rage rN+ Int+3}
rCold   . . .        c - +0 buckler
rNeg    + + .        i - +0 ring mail {Will+}
rPois   .            (helmet restricted)
rElec   .            (no cloak)
rCorr   .            (no gloves)
SInv    .            (no boots)
Will    ++...        (no amulet)
Stlth   +            z - ring of Kaephab {rN+ Int+6}
HPRegen 0.33/turn    q - +5 ring of evasion
MPRegen 0.10/turn

%: random rage (20%)
@: mighty, lethally poisoned (-9 -> -62), glowing
A: horns 2, retaliatory headbutt, thin skeletal structure 1, strong-willed 1,
strong 1, devolution 1
a: Renounce Religion, Divine Shield


You were on level 5 of the Dungeon.
You worshipped the Shining One.
The Shining One was aware of your devotion.
You visited 1 branch of the dungeon, and saw 5 of its levels.

You collected 212 gold pieces.
You spent 96 gold pieces at shops.

Inventory:

Hand Weapons
 a - a +0 long sword
 n - the +0 dagger of Kismet {heavy, Str+3}
   (You found it on level 2 of the Dungeon)

   Str:       It affects your strength (+3).
 v - the +5 shortbow of the Maze {drain, Int+3}
   (You found it on level 3 of the Dungeon)

   Int:       It affects your intelligence (+3).
   The Shining One disapproves of the use of such an item.
 x - a +2 hand axe of flaming
 A - the +11 spear "Vorohoz" (weapon) {flame, *Rage rN+ Int+3}
   (You found it on level 4 of the Dungeon)

   Int:       It affects your intelligence (+3).
   rN:        It protects you from negative energy.
   *Rage:     It berserks you when you make melee attacks (+20% chance).
Missiles
 y - 4 boomerangs (quivered)
Armour
 b - a +0 scale mail
 c - a +0 buckler (worn)
 i - a +0 ring mail of willpower (worn)
Jewellery
 e - a ring of protection from cold
 q - a +5 ring of evasion (right hand)
 z - the ring of Kaephab (left hand) {rN+ Int+6}
   (You took it off an orc on level 4 of the Dungeon)

   [ring of intelligence]

   Int:       It affects your intelligence (+6).
   rN:        It protects you from negative energy.
Scrolls
 d - a scroll of vulnerability {unknown}
 h - a scroll of fog {unknown}
 m - 2 scrolls of amnesia
 o - 5 scrolls of magic mapping
 p - a scroll of brand weapon {unknown}
 r - 2 scrolls of blinking {unknown}
 s - 3 scrolls of teleportation {unknown}
 w - a scroll of poison {unknown}
Potions
 f - a potion of ambrosia {unknown}
 j - a potion of brilliance
 k - 4 potions of curing
 l - a potion of lignification
 t - a potion of invisibility {unknown}
 u - a potion of haste {unknown}


   Skills:
 + Level 9.1 Fighting
 - Level 6.4 Long Blades
 + Level 5.5 Polearms
 - Level 3.6 Armour
 - Level 3.6 Shields


You had 7 spell levels left.
You didn't know any spells.
Your spell library contained the following spells:

 Spells                   Type           Power      Damage    Failure   Level
 Blink                    Tloc           0%         N/A       63%         2
 Lesser Beckoning         Tloc           0%         N/A       63%         2
 Momentum Strike          Conj/Tloc      0%         3d8       63%         2
 Dazzling Flash           Conj/Hex       0%         N/A       85%         3
 Frozen Ramparts          Ice            0%         1d1       85%         3
 Inner Flame              Hex/Fire       0%         N/A       85%         3
 Stone Arrow              Conj/Erth      0%         3d7       85%         3
 Animate Armour           Summ/Erth      0%         N/A       99%         4
 Flame Wave               Conj/Fire      0%         2d4       99%         4
 Ice Form                 Ice/Tmut       0%         N/A       99%         4
 Sticky Flame             Conj/Fire      0%         2d3       99%         4
 Summon Ice Beast         Ice/Summ       0%         N/A       99%         4
 Agony                    Necr           0%         N/A       100%        5
 Blade Hands              Tmut           0%         N/A       100%        5
 Irradiate                Conj/Tmut      0%         3d11      100%        5
 Silence                  Hex/Air        0%         N/A       100%        5
 Dragon Form              Tmut           0%         N/A       100%        7
 Lehudib's Crystal Spear  Conj/Erth      0%         10d2      100%        8


Dungeon Overview and Level Annotations

Branches:
Dungeon (5/15)
 Temple: D:4-7

Altars:
Ashenzari
Dithmenos
Kikubaaqudgha
Makhleb
Okawaru
Sif Muna
Trog
Wu Jian
The Shining One

Shops:
D:5 !

Annotations:
D:5 Dowan


Innate Abilities, Weirdness & Mutations

You have a pair of horns on your head.
You reflexively headbutt those who attack you in melee.
You have a somewhat thin skeletal structure. (Dex +2, Stealth+)
You are strong-willed. (Will+)
Your muscles are strong. (Str +4, Int/Dex -1)
You have hidden genetic defects.


Message History

You puncture Duvessa! You burn Duvessa.
Duvessa is heavily wounded.
Duvessa hits you with a +2 short sword of venom.
You are poisoned.
You hit Duvessa. You burn Duvessa.
Duvessa is heavily wounded.
You feel very sick.
Duvessa hits you with a +2 short sword of venom!
You are more poisoned.
Duvessa hits you with a +2 short sword of venom!
You are more poisoned.
You feel better.
Duvessa hits you with a +2 short sword of venom!
You are poisoned.
You hit Duvessa. You burn Duvessa.
Duvessa is severely wounded.
You feel very sick.
Duvessa hits you with a +2 short sword of venom.
You are more poisoned.
Duvessa hits you with a +2 short sword of venom!
You are lethally poisoned!
You feel very mighty all of a sudden.
You feel extremely sick.
Duvessa says, "When magic and the sword combine, nothing stands against them."
Duvessa hits you with a +2 short sword of venom!
* * * LOW HITPOINT WARNING * * *
You are more poisoned.
You completely miss Duvessa.
Duvessa is severely wounded.
* * * LOW HITPOINT WARNING * * *
You feel extremely sick.
Duvessa hits you with a +2 short sword of venom!
* * * LOW HITPOINT WARNING * * *
You are more poisoned.
You block Duvessa's attack.
You completely miss Duvessa. You headbutt Duvessa!
You kill Duvessa!
Dowan's eyes darken. "You have made a black mistake."
Dowan seems to find hidden reserves of power!
You die...

###..#.####......###...#####
#.............))...#.....##
#..#.####.†...####...#♣P.~♣
#.............# ##.##♣♣~.♣
###..#.####.##### #.# ♣~~~♣
.....#.# #.# ####.♣ ♣♣~♣♣
###.##.## #.#
#..♣♣♣♣♣~~P♣♣♣♣♣ ###.##..#
#.######..♣♣P~.~..♣~♣♣~
....###.#
#.#.e)@....~~~~~.~~.~~.
##### #.#
#.#.####.#♣P~.P~~~P♣♣♣P ####
#.# #.# #.<♣♣♣♣♣P~~♣♣♣♣♣
...# #.# #.# ###.#♣ ♣♣.♣♣
♣.# ##.####.###.# #..# ♣~♣
#.# ##..........# ##.# ♣~♣
#.# #######.##### #.# ♣.P
#.♣ # #.# #.# #.####♣~ # #.#
#.# #..##PPP


You could see Dowan (fast).

Vanquished Creatures
  Pikel (D:5)
  Duvessa (D:5)
  An orc warrior (D:4)
  2 lemures (D:5)
  A scorpion (D:4)
  4 hounds
  3 iguanas
  2 orc wizards (D:4)
  A sleepcap (D:4)
  6 gnolls
  10 adders
  4 worms
  7 dart slugs
  11 orcs
  8 ball pythons
  3 bats (D:1)
  9 endoplasms
  6 giant cockroaches
  13 goblins
  9 hobgoblins
  4 jackals (D:1)
  3 quokkas
  6 frilled lizards
  11 kobolds
  5 rats
131 creatures vanquished.

Vanquished Creatures (others)
  2 plants (D:5)
2 creatures vanquished.

Grand Total: 133 creatures vanquished

Notes
Turn   | Place    | Note
-------+----------+-------------------------------------------
     0 | D:1      | Gazerockf the Minotaur Fighter began the quest for the Orb.
     0 | D:1      | Reached XP level 1. HP: 19/19 MP: 0/0
    67 | D:1      | Reached skill level 4 in Fighting
    67 | D:1      | Reached XP level 2. HP: 27/27 MP: 1/1
   243 | D:1      | Reached XP level 3. HP: 34/34 MP: 2/2
   984 | D:2      | Found a glowing golden altar of the Shining One.
  1003 | D:2      | Became a worshipper of the Shining One
  1130 | D:2      | Reached XP level 4. HP: 29/41 MP: 3/3
  1134 | D:2      | Reached skill level 5 in Fighting
  1353 | D:2      | Identified the +0 dagger of Kismet {heavy, Str+3}
  2035 | D:3      | Reached XP level 5. HP: 48/48 MP: 4/4
  2064 | D:3      | Identified the +5 shortbow of the Maze {drain, Int+3}
  2198 | D:3      | Reached skill level 5 in Long Blades
  2281 | D:3      | Found a shadowy altar of Dithmenos.
  2522 | D:4      | Reached skill level 6 in Fighting
  2692 | D:4      | Reached * piety under the Shining One
  2707 | D:4      | Reached XP level 6. HP: 47/57 MP: 5/5
  2848 | D:4      | Identified the ring of Kaephab {rN+ Int+6}
  2862 | D:4      | Noticed an orc warrior
  2872 | D:4      | Identified the +11 spear "Vorohoz" {flame, *Rage rN+ Int+3}
  2888 | D:4      | Killed an orc warrior
  2889 | D:4      | Reached skill level 7 in Fighting
  3257 | D:4      | Reached skill level 1 in Polearms
  3458 | D:4      | Found an ornate altar of the Wu Jian Council.
  3458 | D:4      | Found a broken altar of Ashenzari.
  3458 | D:4      | Found a shimmering blue altar of Sif Muna.
  3459 | D:4      | Found a bloodstained altar of Trog.
  3460 | D:4      | Found an iron altar of Okawaru.
  3460 | D:4      | Found an ancient bone altar of Kikubaaqudgha.
  3461 | D:4      | Found a burning altar of Makhleb.
  3466 | D:4      | Reached XP level 7. HP: 63/66 MP: 6/6
  3587 | D:5      | Entered Level 5 of the Dungeon
  3933 | D:5      | Noticed Pikel
  3946 | D:5      | Killed Pikel
  3947 | D:5      | Reached skill level 9 in Fighting
  3947 | D:5      | Reached skill level 5 in Polearms
  3947 | D:5      | Reached XP level 8. HP: 78/78 MP: 7/7
  3952 | D:5      | Found Coepuvos's Distillery.
  3973 | D:5      | Bought a potion of mutation for 96 gold pieces
  3973 | D:5      | Gained mutation: You have hidden genetic defects. [potion
                  | of mutation]
  3973 | D:5      | Gained mutation: You are strong-willed. (Will+) [potion of
                  | mutation]
  3973 | D:5      | Gained mutation: You have a somewhat thin skeletal
                  | structure. (Dex +2, Stealth+) [potion of mutation]
  3973 | D:5      | Gained mutation: Your muscles are strong. (Str +4, Int/Dex
                  | -1) [potion of mutation]
  4084 | D:5      | Noticed Dowan
  4086 | D:5      | Noticed Duvessa
  4095 | D:5      | HP: 2/78 [Duvessa/+2 short sword of venom (8)]
  4096 | D:5      | Killed Duvessa
  4096 | D:5      | Succumbed to Duvessa's poison

Illustrated notes

Levels and vault maps discovered:
D:1:      giann_bridges, layout_basic, chequers_serial_rivers_micro_d,
          roderic_serpentine_path, serial_park_tiny_pond, minmay_bisected
D:2:      layout_rooms, basic_altar, grunt_ministairs_2, minmay_tetromino_o4
D:3:      layout_basic, nicolae_dithmenos_through_a_glass_darkly,
          minmay_randomly_rotated_circles
D:4:      layout_rooms, grunt_temple_overflow_open
D:5:      layout_loops_ring, serial_bayou, serial_bayou_ford_a,
          serial_bayou_shore_a, serial_bayou_crossing, serial_bayou_shore_b,
          serial_shops, shop, uniq_duvessa, uniq_crazy_yiuf_cottage, uniq_pikel

Skill      XL: |  1  2  3  4  5  6  7 |
---------------+----------------------+-----
Fighting       | 4 5 6 7 9 |  9.1
Long Blades    | 3 4 5 6 |  6.4
Polearms       | 1 5 |  5.5
Armour         | |  3.6
Shields        | |  3.6

Action                     |  1- 3 |  4- 6 |  7- 9 || total
---------------------------+-------+-------+-------++-------
  Melee: Long sword        |   114 |    41 |       ||   155
         Headbutt          |    10 |    44 |     8 ||    62
         Dagger            |       |   146 |       ||   146
         Spear             |       |     9 |    42 ||    51
 Invoke: Divine Shield     |       |     1 |       ||     1
    Use: Potion            |       |     1 |     5 ||     6
         Scroll            |       |       |     3 ||     3
 Armour: Scale mail        |    48 |       |       ||    48
         Ring mail         |    23 |    51 |     2 ||    76
  Dodge: Dodged            |    61 |   135 |    11 ||   207
  Block: Buckler           |    34 |    54 |     4 ||    92
